 Dungeon Crawl Stone Soup version 0.29-a0-356-g7bc237e783 (webtiles) character file.

Game seed: 5492337958063860580

972 spaghetti the Magician (level 8, -4/63 HPs)
             Began as a Gnoll Wanderer on Apr 26, 2022.
             Was an Initiate of Qazlal.
             Shot with an arrow by a centaur (10 damage)
             ... on level 5 of the Dungeon.
             The game lasted 00:11:28 (5763 turns).

spaghetti the Magician (Gnoll Wanderer)             Turns: 5763, Time: 00:11:29

Health: -4/63      AC:  4    Str: 13    XL:     8   Next: 16%
Magic:  4/16       EV: 13    Int: 13    God:    Qazlal [......]
Gold:   163        SH:  0    Dex: 11    Spells: 11/18 levels left

rFire   . . .      SeeInvis .   m - +0 whip (vamp) {mace}
rCold   . . .      Faith    .   (no shield)
rNeg    . . .      Spirit   .   c - +1 leather armour
rPois   .          Reflect  .   (no helmet)
rElec   .          Harm     .   (no cloak)
rCorr   .          Rampage  .   (no gloves)
Will    .....                   (no boots)
Stlth   ++........              (no amulet)
HPRegen 0.20/turn               (no ring)
MPRegen 0.15/turn               (no ring)

@: no status effects
A: fangs 1, strong nose, distributed training
a: Renounce Religion


You were on level 5 of the Dungeon.
You worshipped Qazlal.
Qazlal was noncommittal.
You visited 2 branches of the dungeon, and saw 6 of its levels.

You collected 163 gold pieces.


Innate Abilities, Weirdness & Mutations

You have very sharp teeth.
Your uncanny sense of smell can sniff out nearby items.
Your experience applies equally to all skills.


   Skills:
 + Level 5.5 Fighting
 + Level 3.0 Short Blades
 + Level 3.0 Long Blades
 + Level 3.0 Axes
 + Level 3.0 Maces & Flails
 + Level 3.0 Polearms
 + Level 3.0 Staves
 + Level 3.0 Slings
 + Level 3.0 Bows
 + Level 3.0 Crossbows
 + Level 3.0 Throwing
 + Level 3.0 Armour
 + Level 5.5 Dodging
 + Level 3.9 Stealth
 + Level 3.0 Shields
 + Level 3.0 Unarmed Combat
 + Level 5.9 Spellcasting
 + Level 4.5 Conjurations
 + Level 2.4 Hexes
 + Level 2.4 Summonings
 + Level 2.4 Necromancy
 + Level 2.4 Translocations
 + Level 2.4 Transmutations
 + Level 2.4 Fire Magic
 + Level 2.4 Ice Magic
 + Level 2.4 Air Magic
 + Level 2.4 Earth Magic
 + Level 2.4 Poison Magic
 + Level 3.3 Invocations
 + Level 3.0 Evocations


You had 11 spell levels left.
You knew the following spells:

 Your Spells              Type           Power      Damage    Failure   Level
a - Sting                 Tmut/Pois      40%        1d5       8%          1
b - Mephitic Cloud        Conj/Pois/Air  12%        N/A       19%         3
c - Ignite Poison         Fire/Tmut/Pois 10%        N/A       24%         3

Your spell library contained the following spells:

 Spells                   Type           Power      Damage    Failure   Level
 Magic Dart               Conj           60%        1d6       3%          1
 Corpse Rot               Necr/Air       20%        N/A       12%         2
 Poisonous Vapours        Pois/Air       20%        N/A       12%         2
 Conjure Flame            Conj/Fire      12%        6-21      16%         3

Inventory:

Hand Weapons
 a - a +0 club {mace}
 m - a +0 vampiric whip (weapon) {mace}
   (You took it off an orc on level 3 of the Dungeon)
Missiles
 g - 5 boomerangs {throwing}
 h - an atropa-tipped dart {throwing}
 l - 109 stones {throwing}
 q - 10 poisoned darts {throwing}
Armour
 c - a +1 leather armour (worn)
Jewellery
 f - an amulet of regeneration {@e2}
   (You took it off a goblin on level 4 of the Dungeon)
Scrolls
 d - 7 scrolls of identify {@r1}
 k - 3 scrolls of enchant armour
 p - 4 scrolls of noise {unknown}
 r - a scroll of vulnerability {unknown}
 s - a scroll of brand weapon {unknown}
Potions
 b - 2 potions of attraction {!q}
 e - a potion of cancellation

Dungeon Overview and Level Annotations

Branches:
Dungeon (5/15)             Temple (1/1) D:4

Altars:
Cheibriados
Elyvilon
Fedhas
Gozag
Hepliaklqana
Kikubaaqudgha
Nemelex Xobeh
Qazlal
Sif Muna
Trog
Vehumet
Wu Jian
Yredelemnul

Shops:
D:1 :

Annotations:
D:1 2 transporters
D:5 1 transporter, pel's ghost, amateur GrFi

#........[...........#..#
.....................#..#
.................##.##..+
.####..........##.....###
#...................#
#......[[#......##...
#........#..##..##..^
#####.......#...##.......
#c......@...#............
#...........#......_.§§§.
#...........#..≈≈....§≈§.
#...........#..≈≈.....§§.
#....##'###..#.....♣♣....
#....#....#..#.....♣ ....
#....#....#...#..... ....
#....'....#....##.... ##.
+....#....# ###


You could see a centaur.


Message History

Aiming: Mephitic Cloud (dangerous; 19% risk of failure)
Press: ? - help, Shift-Dir - straight line The ball explodes into a vile cloud!
The stinking cloud engulfs the jelly but does no damage.
The stinking cloud engulfs you but does no damage.
You hear a shout!
You hear an angry hiss.
The jelly hits you.
* * * LOW HITPOINT WARNING * * *
You are splashed with acid!
* * * LOW HITPOINT WARNING * * *
😨 HP[-9] MP[-3]
You take 9 damage, and now have 24/63 hp.
You lost 3 mp, and now have 6/16 mp.
Unknown command.
Casting: Mephitic Cloud (dangerous; 19% risk of failure)
Confirm with . or Enter, or press ? or * to list all spells.
You ignite the poison in your surroundings!
The jelly is engulfed in blazing flames.
The jelly misses you. 😨 MP[-3]
You lost 3 mp, and now have 3/16 mp.
A jelly is nearby!
A jelly is nearby!
You hit the jelly.
You kill the jelly!
Qazlal accepts your kill.
Casting: Ignite Poison (dangerous; 24% risk of failure)
Confirm with . or Enter, or press ? or * to list all spells.
Aiming: Mephitic Cloud (dangerous; 19% risk of failure)
Press: ? - help, Shift-Dir - straight line, f - centaur
Aim: a centaur (chance to affect: 81%)
The ball explodes into a vile cloud!
The stinking cloud engulfs the centaur but does no damage.
You hear an angry hiss.
The centaur is engulfed in noxious fumes.
The centaur appears confused. 😨 MP[-3]
You lost 3 mp, and now have 0/16 mp.
An adder comes into view.
There is an open door here. 😨 HP[+1] MP[+1]
Your magical contamination has completely faded away.
The adder hisses angrily.
You hit the centaur but do no damage. You hit the centaur but do no damage.
The centaur barely misses you. The centaur closely misses you.
You hit the centaur but do no damage. You bite the centaur, but do no damage.
The adder bites you.
* * * LOW HITPOINT WARNING * * *
😨 HP[-3]
You take 3 damage, and now have 22/63 hp.
You hit the centaur but do no damage. The centaur misses you.
The centaur kicks you.
* * * LOW HITPOINT WARNING * * *
The adder closely misses you. 😨 HP[-1]
You take 1 damage, and now have 21/63 hp.
You barely miss the adder.
You are no longer corroded.
The centaur seems less confused.
The centaur wields a +0 shortbow.
The centaur shoots an arrow.
The arrow hits you.
* * * LOW HITPOINT WARNING * * *
The adder bites you.
* * * LOW HITPOINT WARNING * * *
😱 HP[-8] MP[+1]
You take 8 damage, and now have 13/63 hp.
The centaur unwields a +0 shortbow.
The centaur closely misses you.
The centaur kicks you but does no damage.
The adder bites you.
* * * LOW HITPOINT WARNING * * *
You are poisoned.
The adder poisons you! 😱 HP[-3]
You take 3 damage, and now have 10/63 hp.
You feel better.
The centaur hits you but does no damage.
The centaur kicks you but does no damage.
The adder barely misses you.
The centaur hits you but does no damage.
The centaur kicks you but does no damage.
The adder bites you but does no damage. 😱 HP[+5]
You regained 5 hp, and now have 15/63 hp.
As you read the scroll of fear, it crumbles to dust.
You assume a fearsome visage.
The centaur looks frightened!
The adder looks frightened! 😨 HP[+1] 😨 MP[+1] 😨 HP[+1] Cornered, the centaur turns to fight!
The centaur wields a +0 shortbow.
The centaur shoots an arrow.
The arrow hits you.
* * * LOW HITPOINT WARNING * * *
😱 HP[-6]
You take 6 damage, and now have 11/63 hp.
The centaur shoots an arrow.
The arrow completely misses you. 😱 HP[+1] MP[+1]
The centaur shoots an arrow.
The arrow hits you.
* * * LOW HITPOINT WARNING * * *
The centaur shoots an arrow.
The arrow hits you!
You die...

Skill      XL: |  1  2  3  4  5  6  7  8 |
---------------+-------------------------+-----
Spellcasting   | 5 |  5.9
Invocations    | 1 2 3 |  3.3
Short Blades   | 1 2 3 |  3.0
Long Blades    | 1 2 3 |  3.0
Axes           | 1 2 3 |  3.0
Maces & Flails | 1 2 3 |  3.0
Polearms       | 1 2 3 |  3.0
Staves         | 1 2 3 |  3.0
Slings         | 1 2 3 |  3.0
Bows           | 1 2 3 |  3.0
Crossbows      | 1 2 3 |  3.0
Throwing       | 1 2 3 |  3.0
Armour         | 1 2 3 |  3.0
Shields        | 1 2 3 |  3.0
Unarmed Combat | 1 2 3 |  3.0
Evocations     | 1 2 3 |  3.0
Conjurations   | 4 |  4.5
Hexes          | 1 2 |  2.4
Summonings     | 1 2 |  2.4
Necromancy     | 1 2 |  2.4
Translocations | 1 2 |  2.4
Transmutations | 1 2 |  2.4
Fire Magic     | 1 2 |  2.4
Ice Magic      | 1 2 |  2.4
Air Magic      | 1 2 |  2.4
Earth Magic    | 1 2 |  2.4
Poison Magic   | 1 2 |  2.4
Stealth        | 3 |  3.9
Fighting       | 5 |  5.5
Dodging        | 5 |  5.5

Action                   |  1- 3 |  4- 6 |  7- 9 || total
-------------------------+-------+-------+-------++-------
Melee: Club              |    69 |     1 |       ||    70
       Bite              |     5 |       |     7 ||    12
       Punch             |     5 |       |       ||     5
       Whip              |       |     7 |    46 ||    53
Throw: Dart              |     2 |       |       ||     2
 Cast: Sting             |    78 |    70 |     6 ||   154
       Mephitic Cloud    |       |     4 |    13 ||    17
       Ignite Poison     |       |     1 |     9 ||    10
  Use: Potion            |     6 |     4 |     1 ||    11
       Scroll            |       |     1 |     5 ||     6
 Stab: Distracted        |       |       |     1 ||     1
       Sleeping          |       |       |     1 ||     1
       Confused          |       |       |     2 ||     2
Armor: Leather armour    |    25 |     4 |    23 ||    52
       Skin              |       |    39 |       ||    39
Dodge: Dodged            |   108 |    42 |    53 ||   203

Levels and vault maps discovered:
D:1:      spicycebolla_arrival_teleporter_tutorial, layout_basic, serial_shops,
          nicolae_shop_crystal
D:2:      layout_rooms, shapermc_ecumenical_altar_mp_urbaneastern,
          roderic_roman_lattice, bh_walls_and_bars
D:3:      layout_basic
D:4:      minmay_chambers_of_fours, layout_basic, lemuel_round_altar,
          minmay_temple_entry_sparse_star, enter_ossuary_2,
          serial_park_tiny_pond, grunt_ministairs_4, serial_bayou_pond_c,
          roderic_cross_of_infinity
D:5:      layout_gridville, nicolae_wu_jian_wuxing_cycle, serial_undead,
          serial_undead_b, serial_undead_d, serial_undead_a, serial_undead_e,
          gammafunk_ghost_stat_death
Temple:   nicolae_temple_figure_eight

Notes
Turn   | Place    | Note
-------+----------+-------------------------------------------
     0 | D:1      | spaghetti the Gnoll Wanderer began the quest for the Orb.
     0 | D:1      | spaghetti set off with the following items: a +0 club
                  | {mace}, a potion of attraction {!q}, a +0 leather armour, a
                  | potion of curing {@q1}; and the following spells available
                  | to memorise: Magic Dart, Sting, Conjure Flame, Mephitic
                  | Cloud, Ignite Poison
     0 | D:1      | Reached XP level 1. HP: 20/20 MP: 6/6
     0 | D:1      | magus.rc [v1.9.6]
    52 | D:1      | HP: 5/20 [hobgoblin (3)]
   214 | D:1      | Learned a level 1 spell: Sting
   298 | D:1      | Reached XP level 2. HP: 26/26 MP: 1/7
   647 | D:1      | Found Naoton's Book Shop.
  1083 | D:1      | Reached XP level 3. HP: 31/31 MP: 5/9
  1087 | D:1      | Learned a level 3 spell: Mephitic Cloud
  1091 | D:1      | Learned a level 3 spell: Ignite Poison
  1201 | D:1      | Reached skill level 5 in Spellcasting
  1842 | D:2      | You fall into a shaft and drop 1 floor!
  1880 | D:3      | Reached skill level 1 in Invocations
  2247 | D:3      | Reached skill level 1 in Short Blades
  2247 | D:3      | Reached skill level 1 in Long Blades
  2247 | D:3      | Reached skill level 1 in Axes
  2247 | D:3      | Reached skill level 1 in Maces & Flails
  2247 | D:3      | Reached skill level 1 in Polearms
  2247 | D:3      | Reached skill level 1 in Staves
  2247 | D:3      | Reached skill level 1 in Slings
  2247 | D:3      | Reached skill level 1 in Bows
  2247 | D:3      | Reached skill level 1 in Crossbows
  2247 | D:3      | Reached skill level 1 in Throwing
  2247 | D:3      | Reached skill level 1 in Armour
  2247 | D:3      | Reached skill level 1 in Shields
  2247 | D:3      | Reached skill level 1 in Unarmed Combat
  2247 | D:3      | Reached skill level 1 in Evocations
  2276 | D:3      | Reached XP level 4. HP: 25/38 MP: 1/11
  3015 | D:4      | Found a staircase to the Ecumenical Temple.
  3015 | D:4      | Noticed a steam dragon
  3035 | D:4      | HP: 14/57 [steam dragon] (4)]
  3035 | D:4      | Killed a steam dragon
  3036 | D:4      | Reached skill level 4 in Conjurations
  3036 | D:4      | Reached skill level 1 in Hexes
  3036 | D:4      | Reached skill level 1 in Summonings
  3036 | D:4      | Reached skill level 1 in Necromancy
  3036 | D:4      | Reached skill level 1 in Translocations
  3036 | D:4      | Reached skill level 1 in Transmutations
  3036 | D:4      | Reached skill level 1 in Fire Magic
  3036 | D:4      | Reached skill level 1 in Ice Magic
  3036 | D:4      | Reached skill level 1 in Air Magic
  3036 | D:4      | Reached skill level 1 in Earth Magic
  3036 | D:4      | Reached skill level 1 in Poison Magic
  3036 | D:4      | Reached XP level 5. HP: 15/43 MP: 1/12
  3040 | D:4      | Reached XP level 6. HP: 17/50 MP: 0/13
  3287 | Temple   | Entered the Ecumenical Temple
  3473 | Temple   | Became a worshipper of Qazlal Stormbringer
  3735 | D:4      | Reached skill level 2 in Invocations
  3824 | D:4      | You pick up a book of Vapours and begin reading...
  3824 | D:4      | You add the spells Poisonous Vapours and Corpse Rot to your
                  | library.
  3862 | D:4      | Reached skill level 3 in Stealth
  4128 | D:4      | Noticed a steam dragon
  4140 | D:4      | HP: 10/50 [steam dragon (9)]
  4146 | D:4      | HP: 7/50 [steam dragon (7)]
  4149 | D:4      | HP: 1/50 [steam dragon/ball of steam (4)]
  4151 | D:4      | Killed a steam dragon
  4152 | D:4      | Reached skill level 5 in Fighting
  4152 | D:4      | Reached skill level 2 in Short Blades
  4152 | D:4      | Reached skill level 2 in Long Blades
  4152 | D:4      | Reached skill level 2 in Axes
  4152 | D:4      | Reached skill level 2 in Maces & Flails
  4152 | D:4      | Reached skill level 2 in Polearms
  4152 | D:4      | Reached skill level 2 in Staves
  4152 | D:4      | Reached skill level 2 in Slings
  4152 | D:4      | Reached skill level 2 in Bows
  4152 | D:4      | Reached skill level 2 in Crossbows
  4152 | D:4      | Reached skill level 2 in Throwing
  4152 | D:4      | Reached skill level 2 in Armour
  4152 | D:4      | Reached skill level 5 in Dodging
  4152 | D:4      | Reached skill level 2 in Shields
  4152 | D:4      | Reached skill level 2 in Unarmed Combat
  4152 | D:4      | Reached skill level 2 in Evocations
  4589 | D:4      | Found a white marble altar of Elyvilon.
  4726 | D:4      | Noticed an ice beast
  4747 | D:4      | Reached XP level 7. HP: 53/56 MP: 8/15
  5007 | D:5      | Entered Level 5 of the Dungeon
  5042 | D:5      | Reached skill level 2 in Hexes
  5042 | D:5      | Reached skill level 2 in Summonings
  5042 | D:5      | Reached skill level 2 in Necromancy
  5042 | D:5      | Reached skill level 2 in Translocations
  5042 | D:5      | Reached skill level 2 in Transmutations
  5042 | D:5      | Reached skill level 2 in Fire Magic
  5042 | D:5      | Reached skill level 2 in Ice Magic
  5042 | D:5      | Reached skill level 2 in Air Magic
  5042 | D:5      | Reached skill level 2 in Earth Magic
  5042 | D:5      | Reached skill level 2 in Poison Magic
  5166 | D:5      | Found a transporter.
  5169 | D:5      | Noticed pel's ghost (amateur GrFi)
  5242 | D:5      | Found an ornate altar of the Wu Jian Council.
  5276 | D:5      | Reached skill level 3 in Invocations
  5534 | D:5      | Reached XP level 8. HP: 62/63 MP: 9/16
  5728 | D:5      | Reached skill level 3 in Short Blades
  5728 | D:5      | Reached skill level 3 in Long Blades
  5728 | D:5      | Reached skill level 3 in Axes
  5728 | D:5      | Reached skill level 3 in Maces & Flails
  5728 | D:5      | Reached skill level 3 in Polearms
  5728 | D:5      | Reached skill level 3 in Staves
  5728 | D:5      | Reached skill level 3 in Slings
  5728 | D:5      | Reached skill level 3 in Bows
  5728 | D:5      | Reached skill level 3 in Crossbows
  5728 | D:5      | Reached skill level 3 in Throwing
  5728 | D:5      | Reached skill level 3 in Armour
  5728 | D:5      | Reached skill level 3 in Shields
  5728 | D:5      | Reached skill level 3 in Unarmed Combat
  5728 | D:5      | Reached skill level 3 in Evocations
  5749 | D:5      | HP: 13/63 [adder (3)]
  5761 | D:5      | HP: 11/63 [centaur/arrow (6)]
  5763 | D:5      | Shot with an arrow by a centaur

Vanquished Creatures
  2 steam dragons (D:4)
  An ice beast (D:4)
  A necrophage (D:4)
  A scorpion (D:5)
  3 wights (D:5)
  A water moccasin zombie (D:5)
  A bullfrog zombie (D:5)
  2 hounds (D:4)
  2 jellies
  A hound skeleton (D:5)
  A howler monkey zombie (D:5)
  A howler monkey skeleton (D:5)
  5 adders
  A dart slug (D:1)
  8 orcs
  6 endoplasms
  A giant cockroach (D:4)
  11 hobgoblins
  4 quokkas
  6 ball pythons
  4 bats
  3 frilled lizards
  8 goblins
  4 kobolds
  3 rats
81 creatures vanquished.

Vanquished Creatures (others)
  2 plants (D:4)
2 creatures vanquished.

Grand Total: 83 creatures vanquished

Table legend:
 A = Non-vault XP
 B = Vault XP
 C = Vault XP percentage of total XP
 D = Non-vault monster count
 E = Vault monster count
 F = Vault count percentage of total count
                 A         B        C        D         E       F
            +---------+---------+-------+---------+---------+-------
      Total |     980 |     409 |  29.4 |      68 |      13 |  16.0
            +---------+---------+-------+---------+---------+-------
        D:1 |      40 |       0 |   0.0 |      23 |       0 |   0.0
        D:2 |       8 |       0 |   0.0 |       5 |       0 |   0.0
        D:3 |      39 |       0 |   0.0 |      14 |       0 |   0.0
        D:4 |     508 |     238 |  31.9 |      17 |       8 |  32.0
        D:5 |     385 |     171 |  30.8 |       9 |       5 |  35.7
            +---------+---------+-------+---------+---------+-------

Illustrated notes

Table legend:
 A = Kills in this place as a percentage of kills in entire the game.
 B = Kills by you in this place as a percentage of kills by you in the entire game.
 C = Kills by friends in this place as a percentage of kills by friends in the entire game.
 D = Other kills in this place as a percentage of other kills in the entire game.
 E = Experience gained in this place as a percentage of experience gained in the entire game.
 F = Experience gained in this place divided by the number of levels of this place that you have seen.
                   A       B       C       D       E      F
               +-------+-------+-------+-------+-------+----------------------
         Total | 100.0 | 100.0 |   N/A |   N/A | 100.0 | 231.5
       Dungeon | 100.0 | 100.0 |   N/A |   N/A | 100.0 | 277.8
               +-------+-------+-------+-------+-------+----------------------

Table legend: (Time is in decaauts)
 A = Elapsed time spent in this place.
 B = Non-inter-level travel time spent in this place.
 C = Inter-level travel time spent in this place.
 D = Time resting spent in this place.
 E = Time spent auto-exploring this place.
 F = Levels seen in this place.
 G = Mean time per level.
                   A        B        C        D        E       F      G
               +--------+--------+--------+--------+--------+-----+--------+
         Total |   5791 |   5557 |    234 |   1280 |   3519 |   6 |  965.2 |
       Dungeon |   5579 |   5370 |    209 |   1280 |   3342 |   5 | 1115.8 |
        Temple |    211 |    186 |     25 |      0 |    177 |   1 |  211.0 |
               +--------+--------+--------+--------+--------+-----+--------+

Top non-repeatable levels by time:
     D:4: 2548 daAuts
     D:1: 1669 daAuts
     D:3: 809 daAuts
     D:5: 368 daAuts
  Temple: 211 daAuts
     D:2: 183 daAuts
